 Dungeon Crawl Stone Soup version 0.29-a0-824-gd827844252 (webtiles) character file.

Game seed: 7144825431724079714

268278 buhh the Spry (level 20, -9/132 HPs)
             Began as an Octopode Transmuter on July 10, 2022.
             Was the Champion of Cheibriados.
             Mangled by an azure jelly (37 damage)
             ... created by the Royal Jelly
             ... on level 5 of the Pits of Slime.
             The game lasted 00:47:34 (48231 turns).

buhh the Spry (Octopode Transmuter)                Turns: 48231, Time: 00:47:35

Health: -9/132     AC: -3    Str: 26 (27) XL:     20   Next: 15%
Magic:  8/43       EV: 33    Int: 44      God:    Cheibriados [******]
Gold:   704        SH:  5    Dex: 34 (36) Spells: 15/39 levels left

rFire   + . .      SeeInvis +     - Unarmed
rCold   . . .      Faith    .   (no shield)
rNeg    + + .      Spirit   .   (helmet restricted)
rPois   .          Reflect  +   V - amulet of reflection
rElec   +          Harm     .   O - ring "Gopufu Xineh" {rN+ Int+6 Dex+2 SInv}
rCorr   .          Rampage  .   (no ring)
Will    +....                   L - ring of wizardry
Stlth   ++++......              N - ring "Xinoanie" {rElec rF+ rN+ Will- Int+2}
HPRegen 0.32/turn               i - +4 ring of protection
MPRegen 0.28/turn               S - ring of willpower
                                R - +6 ring of dexterity
                                b - ring of magical power

@: corroded, very slow
A: almost no armour, amphibious, 8 rings, camouflage 1, gelatinous body 1,
(nimble swimmer 1), tentacles, deterioration 1
}: 2/15 runes: barnacled, gossamer
a: Renounce Religion, Bend Time, Temporal Distortion, Slouch, Step From Time


You were on level 5 of the Pits of Slime.
You worshipped Cheibriados.
Cheibriados was exalted by your worship.
You visited 9 branches of the dungeon, and saw 40 of its levels.
You visited the Abyss 1 time.
You also visited: Ice Cave.

You collected 4660 gold pieces.
You spent 3956 gold pieces at shops.

Inventory:

Missiles
 I - 50 poisoned darts
 W - a throwing net
 X - 8 curare-tipped darts
Magical Staves
 D - a staff of conjuration
Jewellery
 b - a ring of magical power (on tentacle)
 i - a +4 ring of protection (on tentacle)
 B - the ring "Ofurok" {+Blink rC- Will+ Dex+6}
   (You found it on level 4 of the Dungeon)

   [ring of dexterity]

   Dex:       It affects your dexterity (+6).
   rC:        It makes you vulnerable to cold.
   +Blink:    It lets you blink.
   Will:      It increases your willpower.
 L - a ring of wizardry (on tentacle)
 M - an amulet of the acrobat
 N - the ring "Xinoanie" (on tentacle) {rElec rF+ rN+ Will- Int+2}
   (You found it on level 6 of the Lair of Beasts)

   [ring of protection from fire]

   Int:       It affects your intelligence (+2).
   rF:        It protects you from fire.
   rElec:     It insulates you from electricity.
   rN:        It protects you from negative energy.
   Will:      It decreases your willpower.
 O - the ring "Gopufu Xineh" (left tentacle) {rN+ Int+6 Dex+2 SInv}
   (You found it on level 2 of the Dungeon)

   [ring of intelligence]

   Int:       It affects your intelligence (+6).
   Dex:       It affects your dexterity (+2).
   rN:        It protects you from negative energy.
   SInv:      It lets you see invisible.
 Q - a +4 ring of protection
 R - a +6 ring of dexterity (on tentacle)
 S - a ring of willpower (on tentacle)
 T - a ring of fire
 V - an amulet of reflection (around mantle)
Wands
 A - a wand of digging (4)
 C - a wand of iceblast (15)
 E - a wand of flame (20)
 F - a wand of charming (30)
 G - a wand of polymorph (7)
 H - a wand of quicksilver (11)
Scrolls
 a - 6 scrolls of identify {!d}
 c - 2 scrolls of teleportation {!d!d}
 d - a scroll of magic mapping {!d}
 e - 6 scrolls of poison
 f - a scroll of fog
 g - a scroll of amnesia
 h - 4 scrolls of enchant armour
 j - 11 scrolls of enchant weapon
 k - 2 scrolls of torment
 l - 4 scrolls of immolation {!r}
 n - 5 scrolls of silence {!r}
 x - 3 scrolls of summoning
 P - 3 scrolls of vulnerability
Potions
 o - 3 potions of mutation {!q!d}
 p - 2 potions of invisibility {!d}
 r - 5 potions of cancellation {!q!d}
 s - 4 potions of resistance {!d}
 t - a potion of brilliance {!d}
 u - 5 potions of ambrosia {!d}
 v - 8 potions of curing {!d}
 y - 9 potions of haste {!q}
 z - 3 potions of berserk rage {!q}
 U - 7 potions of degeneration
 Y - 3 potions of attraction
 Z - 8 potions of flight
Miscellaneous
 J - a box of beasts


   Skills:
 - Level 10.0 Fighting
 - Level 15.5 Dodging
 - Level 2.0 Stealth
 - Level 10.0 Unarmed Combat
 - Level 10.0 Spellcasting
 - Level 2.1 Conjurations
 - Level 12.0 Translocations
 - Level 11.0 Transmutations
 - Level 5.0 Ice Magic
 * Level 13.8 Air Magic
 - Level 15.0 Earth Magic
 - Level 1.0 Poison Magic
 - Level 13.0 Invocations


You had 15 spell levels left.
You knew the following spells:

 Your Spells              Type           Power      Damage    Failure   Level
a - Beastly Appendage     Tmut           100%       N/A       0%          1
b - Wereblood             Tmut           87%        N/A       0%          2
c - Spider Form           Tmut/Pois      66%        N/A       1%          3
f - Statue Form           Tmut/Erth      62%        N/A       1%          6
q - Storm Form            Tmut/Air       46%        N/A       2%          7
r - Manifold Assault      Tloc           91%        N/A       1%          5

Your spell library contained the following spells:

 Spells                   Type           Power      Damage    Failure   Level
 Apportation              Tloc           100%       N/A       0%          1
 Sandblast                Erth           100%       2d20      0%          1
 Blink                    Tloc           100%       N/A       0%          2
 Passwall                 Tmut/Erth      78%        N/A       0%          2
 Swiftness                Air            97%        N/A       0%          3
 Magic Dart               Conj           100%       1d8       1%          1
 Necrotise                Necr           88%        1d8       1%          1
 Shock                    Conj/Air       100%       1d9       1%          1
 Slow                     Hex            88%        N/A       1%          1
 Summon Small Mammal      Summ           88%        N/A       1%          1
 Call Imp                 Summ           22%        N/A       1%          2
 Sublimation of Blood     Necr           22%        N/A       1%          2
 Call Canine Familiar     Summ           22%        N/A       1%          3
 Confusing Touch          Hex            22%        N/A       1%          3
 Dazzling Flash           Conj/Hex       62%        N/A       1%          3
 Mephitic Cloud           Conj/Pois/Air  64%        N/A       1%          3
 Ozocubu's Armour         Ice            60%        N/A       1%          3
 Portal Projectile        Hex/Tloc       100%       N/A       1%          3
 Stone Arrow              Conj/Erth      100%       3d13      1%          3
 Tukima's Dance           Hex            22%        N/A       1%          3
 Vampiric Draining        Necr           22%        2d7       1%          3
 Airstrike                Air            48%        0-15+     1%          4
 Ice Form                 Ice/Tmut       75%        N/A       1%          4
 Iskenderun's Mystic Bla  Conj/Tloc      71%        2d14      1%          4
 Leda's Liquefaction      Hex/Erth       36%        N/A       1%          4
 Petrify                  Tmut/Erth      94%        N/A       1%          4
 Summon Ice Beast         Ice/Summ       44%        N/A       1%          4
 Summon Lightning Spire   Summ/Air       70%        N/A       1%          4
 Alistair's Intoxication  Tmut/Pois      44%        N/A       1%          5
 Blade Hands              Tmut           43%        N/A       1%          5
 Freezing Cloud           Conj/Ice/Air   35%        6-21      1%          5
 Irradiate                Conj/Tmut      34%        3d24      1%          5
 Lee's Rapid Deconstruct  Erth           50%        3d25*     1%          5
 Lightning Bolt           Conj/Air       37%        1d56      1%          5
 Silence                  Hex/Air        35%        N/A       1%          5
 Summon Forest            Summ/Tloc      32%        N/A       1%          5
 Yara's Violent Unravell  Hex/Tmut       31%        3d13      1%          5
 Dispersal                Tloc           45%        N/A       1%          6
 Iron Shot                Conj/Erth      39%        9d8       2%          6
 Eringya's Noxious Bog    Tmut/Pois      33%        N/A       7%          6
 Agony                    Necr           22%        N/A       16%         5
 Summon Mana Viper        Hex/Summ       22%        N/A       16%         5
 Disjunction              Tloc           45%        N/A       26%         8
 Simulacrum               Ice/Necr       22%        N/A       28%         6
 Starburst                Conj/Fire      15%        6d6       45%         6
 Ozocubu's Refrigeration  Ice            30%        4d11      47%         7
 Orb of Destruction       Conj           20%        9d8       86%         7
 Enfeeble                 Hex            11%        N/A       98%         7
 Monstrous Menagerie      Summ           11%        N/A       98%         7
 Summon Hydra             Summ           11%        N/A       98%         7
 Polar Vortex             Ice            30%        N/A       100%        9
 Animate Armour           Summ/Erth      Unusable   N/A       N/A         4

Dungeon Overview and Level Annotations

Branches:
Dungeon (15/15) Zot: 37739  Temple (1/1) D:4 Zot: 8740    Lair (6/6) D:8 Zot: 34775
 Shoals (4/4) Lair:2 Zot: 29848  Spider (4/4) Lair:3 Zot: 32125   Slime (5/5) Lair:6 Zot: 35702
    Orc (2/2) D:10 Zot: 15031     Elf (2/3) Orc:2 Zot: 14243  Vaults (0/5) D:13
 Depths (1/4) D:15 Zot: 5290   IceCv (visited)

Altars:
Ashenzari
Cheibriados
Dithmenos
Elyvilon
Fedhas
Gozag
Hepliaklqana
Kikubaaqudgha
Makhleb
Nemelex Xobeh
Okawaru
Ru
Sif Muna
Trog
Uskayaw
Vehumet
Wu Jian
Xom
Yredelemnul
Zin
The Shining One
Jiyva

Shops:
D:11 [   Orc:1 *   Orc:2 (*:?   Elf:1 **   Elf:2 !!((   Depths:1 =:=

Portals:
Hell: Depths:1
Ziggurat: Depths:1

Annotations:
D:5 exclusion: downstairs
D:7 exclusion: Maggie, Menkaure
D:8 2 runed translucent doors
D:13 Rupert
D:14 3 runed translucent doors, Karianen's ghost, adept KoBr
Lair:6 2 transporters, exclusion: obsidian statue, Goic's ghost, journeyman DjCj
Spider:3 1 runed translucent door
Slime:5 Royal Jelly
Elf:1 Zenata
Depths:1 Bai Suzhen


Innate Abilities, Weirdness & Mutations

You cannot wear most types of armour.
You are amphibious.
You can wear up to eight rings at the same time.
Your skin changes colour to match your surroundings (Stealth+).
Your rubbery body absorbs attacks. (AC +1, EV +1)
((You are camouflaged when in or above water. (Stealth+)))
You have tentacles for arms and can constrict up to eight enemies at once.
Your body sometimes deteriorates upon taking damage.


Message History

The quicksilver ooze hits you but does no damage.
The quicksilver ooze hits you.
The quicksilver ooze completely misses you.
The acid blob spits acid at you. The splash of acid misses you.
The azure jelly hits you but does no damage. x2
The azure jelly misses you. The azure jelly completely misses you.
The acid blob jiggles.
The acid blob spits acid at you. The splash of acid hits you!
The acid corrodes you!
The azure jelly completely misses you. x4; You block the acid blob's attack.
The rockslime misses you. The rockslime attacks as you move away!
The rockslime hits you!!
* * * LOW HITPOINT WARNING * * *
Your body deteriorates!
You feel clumsy.
Your surroundings suddenly seem different.
Your transformation is almost over.
Okay, then.
You start resting.
A rockslime is nearby!
As you read the scroll of teleportation {!d!d}, it crumbles to dust.
You feel strangely unstable.
Your surroundings suddenly seem different.
As you read the scroll of teleportation {!d!d}, it crumbles to dust.
You feel strangely unstable.
Your transformation has ended.
Your surroundings seem slightly different.
The rockslime quivers.
As you read the scroll of teleportation {!d!d}, it crumbles to dust.
You feel strangely unstable.
The rockslime quivers.
The azure jelly quivers.
The acid blob quivers.
The rockslime closely misses you. You block the rockslime's attack.
The rockslime quivers.
Your surroundings seem slightly different.
The quicksilver ooze quivers.
The azure jelly closely misses you. The azure jelly hits you.
* * * LOW HITPOINT WARNING * * *
The azure jelly freezes you!!!
You die...

.....................
......................##
......................J#
........................
........................
........................
........................
.............ยง.J........
...........J.J.J@J..........
.............J..............
#.#.#..#...........J........#
###.####.....................
###.......J...........###
##....................##
##....................#
##...JJ...............
#..J.................#


You could see 2 acid blobs, an azure jelly, 3 slime creatures, 4 rockslimes and
a quicksilver ooze.

Vanquished Creatures
  Dissolution (Slime:4)
  A golden dragon (Depths:1)
  2 hellephants (Depths:1)
  8 acid blobs
  A sphinx (Depths:1)
  Agnes (Spider:4)
  A kraken (Shoals:4)
  Polyphemus (Shoals:3)
  A tengu reaver (Depths:1)
  Donald (Slime:5)
  7 rockslimes
  Roxanne (Shoals:1)
  8 azure jellies
  A deep elf sorcerer (Elf:1)
  6 emperor scorpions (Spider:4)
  3 frost giants
  A fire giant (Depths:1)
  Louise (D:14)
  2 ghost moths (Spider:4)
  Aizul (Elf:1)
  3 very ugly things (Depths:1)
  11 quicksilver oozes
  6 stone giants (Depths:1)
  2 broodmothers
  A vampire knight (Depths:1)
  4 dire elephants (Lair:6)
  3 spark wasps
  2 merfolk javelineers
  7 merfolk impalers
  3 ettins (Depths:1)
  6 great orbs of eyes
  5 fire dragons
  2 rakshasas (Depths:1)
  4 hydras
  Fannar (D:11)
  6 boulder beetles
  2 catoblepae
  A spriggan air mage (Depths:1)
  2 ice dragons
  An alligator snapping turtle (Shoals:2)
  3 centaur warriors
  5 two-headed ogres
  5 merfolk avatars
  A jorogumo (Spider:4)
  A radroach (Spider:3)
  A satyr (Shoals:2)
  2 merfolk aquamancers (Shoals:4)
  14 death yaks
  7 dancing weapons
  5 tengu warriors
  Urug (D:11)
  A spriggan berserker (Depths:1)
  8 hell hogs (Depths:1)
  A vampire mage (Depths:1)
  A death scarab (Spider:4)
  2 soul eaters (D:14)
  3 deep elf knights
  A spriggan (Depths:1)
  A sixfirhy (D:14)
  A spectral anaconda (Lair:6)
  11 sea snakes
  2 glowing orange brains
  2 pharaoh ants (Spider:3)
  A fire crab (shapeshifter) (D:13)
  6 steelbarb worms
  A sun moth (Spider:4)
  A deep troll (shapeshifter) (Elf:2)
  An orb spider (shapeshifter) (D:13)
  5 orb spiders
  7 deep elf archers
  18 deep elf zephyrmancers
  4 necromancers
  2 orc knights
  A wizard (Depths:1)
  21 deep elf pyromancers
  10 harpies
  2 orc sorcerers
  20 ugly things
  19 wolf spiders
  14 manticores
  7 fauns
  6 cyclopes
  A moth of wrath (Spider:4)
  13 elephants
  A dire elephant zombie (Lair:6)
  A black mamba (Lair:6)
  5 merfolk sirens
  Maurice (D:11)
  A rust devil (D:14)
  14 cane toads
  A smoke demon (D:14)
  A frost giant skeleton (Depths:1)
  A black mamba (shapeshifter) (D:13)
  9 torpor snails
  8 water nymphs
  3 eyes of devastation
  An orange demon (D:14)
  Maggie (D:7)
  A dire elephant skeleton (Lair:6)
  An ice statue (IceCv)
  An efreet (D:15)
  7 rime drakes (IceCv)
  2 gargoyles
  4 demonic crawlers
  A freezing wraith (D:14)
  Psyche (D:11)
  2 hellwings (D:14)
  11 komodo dragons
  3 ice devils (D:14)
  3 trolls
  A tengu conjurer (Depths:1)
  A red devil (D:14)
  3 meliai (Spider:3)
  17 merfolk
  6 polar bears
  4 wind drakes
  8 hornets
  2 spectral elephants (Lair:6)
  18 tarantellas
  56 slime creatures
  29 jumping spiders
  10 snapping turtles
  2 dream sheep (Shoals:4)
  A spriggan skeleton (Depths:1)
  20 culicivoras
  A vampire (D:12)
  3 air elementals (Elf:2)
  3 wraiths
  57 yaks
  8 water elementals
  4 fire elementals
  A steam dragon (D:9)
  An ettin skeleton (Depths:1)
  A spriggan simulacrum (Depths:1)
  2 wyverns
  5 golden eyes
  A basilisk (shapeshifter) (D:13)
  10 basilisks
  2 chaos spawn (D:14)
  40 redbacks
  A neqoxec (D:14)
  6 vampire mosquitoes
  3 acid dragons
  A death yak simulacrum (Lair:6)
  4 wargs
  2 spectral cane toads (Lair:6)
  A glowing shapeshifter zombie (Depths:1)
  10 water moccasins
  Duvessa (D:7)
  33 orc warriors
  An ice beast (D:6)
  A sky beast (D:6)
  7 black bears
  10 wolves
  2 ogres
  15 centaurs
  An elephant skeleton (Lair:6)
  4 phantoms
  A kobold brigand (D:10)
  8 bullfrogs
  A gnoll sergeant (D:7)
  2 earth elementals (Elf:2)
  4 scorpions
  3 necrophages
  2 cane toad simulacra (Lair:6)
  3 wights (D:5)
  An elephant simulacrum (Lair:6)
  Dowan (D:7)
  15 killer bees
  A howler monkey (D:5)
  2 electric eels (Lair:2)
  2 jellies
  10 orc priests
  2 hounds
  6 iguanas
  11 orc wizards
  5 hell rats (Lair:3)
  4 gnolls
  6 adders
  4 shadow imps (D:5)
  A white imp (D:6)
  2 ufetubi
  4 worms
  A dart slug (D:5)
  54 orcs
  5 endoplasms
  9 giant cockroaches
  2 goblins (D:3)
  2 hobgoblins
  2 quokkas
  5 ball pythons
  10 bats
  3 frilled lizards
  4 kobolds
  4 rats
  A butterfly (Lair:3)
1068 creatures vanquished.

Vanquished Creatures (collateral kills)
  An orc knight (Orc:2)
1 creature vanquished.

Vanquished Creatures (others)
  A deep elf knight (Elf:2)
  A deep elf zephyrmancer (Elf:1)
  A deep elf pyromancer (Elf:1)
  A redback (Spider:4)
  An orc (Orc:2)
  3 demonic plants (D:14)
  17 fungi
  61 plants
  6 tentacles (Shoals:4)
  15 withered plants (Lair:6)
107 creatures vanquished.

Grand Total: 1176 creatures vanquished

Notes
Turn   | Place    | Note
-------+----------+-------------------------------------------
     0 | D:1      | buhh the Octopode Transmuter began the quest for the Orb.
     0 | D:1      | Reached XP level 1. HP: 13/13 MP: 3/3
   296 | D:1      | Reached skill level 1 in Stealth
   436 | D:1      | Reached XP level 2. HP: 4/18 MP: 3/5
   439 | D:1      | Reached skill level 1 in Poison Magic
  1244 | D:1      | Reached XP level 3. HP: 20/23 MP: 4/6
  1357 | D:2      | Identified the ring "Gopufu Xineh" {rN+ Int+6 Dex+2 SInv}
  1758 | D:2      | Reached XP level 4. HP: 20/29 MP: 7/7
  1986 | D:2      | You fall into a shaft and drop 2 floors!
  1991 | D:4      | Noticed a centaur
  1998 | D:4      | Killed a centaur
  1999 | D:4      | Reached XP level 5. HP: 29/35 MP: 8/8
  2261 | D:4      | Found a staircase to the Ecumenical Temple.
  2273 | Temple   | Entered the Ecumenical Temple
  2430 | Temple   | Became a worshipper of Cheibriados the Contemplative
  2652 | D:4      | Learned a level 2 spell: Wereblood
  2656 | D:4      | Learned a level 3 spell: Spider Form
  2679 | D:4      | Reached XP level 6. HP: 42/42 MP: 6/9
  3771 | D:4      | Identified the ring "Ofurok" {+Blink rC- Will+ Dex+6}
  3904 | D:5      | Entered Level 5 of the Dungeon
  3945 | D:5      | Reached XP level 7. HP: 18/47 MP: 4/10
  4136 | D:5      | Reached skill level 5 in Unarmed Combat
  4235 | D:5      | Found a transporter.
  4314 | D:5      | Found a transporter.
  4348 | D:5      | Reached * piety under Cheibriados
  4664 | D:5      | Reached skill level 5 in Dodging
  5058 | D:6      | Reached XP level 8. HP: 50/54 MP: 8/11
  5061 | D:6      | Reached skill level 5 in Fighting
  5674 | D:6      | Found an ancient bone altar of Kikubaaqudgha.
  6308 | D:7      | Noticed Duvessa
  6308 | D:7      | Noticed Dowan
  6315 | D:7      | Killed Dowan
  6316 | D:7      | Reached XP level 9. HP: 63/63 MP: 12/12
  6323 | D:7      | Killed Duvessa
  6412 | D:7      | Reached ** piety under Cheibriados
  6623 | D:7      | Noticed Maggie
  7153 | Abyss:2  | Found a corrupted altar of Lugonu.
  7153 | Abyss:2  | Cast into level 2 of the Abyss (Maggie)
  7205 | Abyss:2  | Noticed a tentacled starspawn
  7207 | D:7      | Escaped the Abyss
  7224 | D:7      | Killed Maggie
  7490 | D:7      | Noticed Menkaure
  7669 | D:8      | Learned a level 4 spell: Ice Form
  7981 | D:8      | Found a runed translucent door.
  8041 | D:8      | Reached *** piety under Cheibriados
  8043 | D:8      | Noticed an elephant
  8050 | D:8      | Reached skill level 5 in Transmutations
  8050 | D:8      | Reached XP level 10. HP: 60/72 MP: 6/13
  8088 | D:8      | Found a staircase to the Lair.
  8122 | D:8      | Killed an elephant
  8501 | D:8      | Found a runed translucent door.
  8508 | D:8      | Noticed a boulder beetle
  8546 | D:8      | Found a shadowy altar of Dithmenos.
  8584 | Lair:1   | Entered Level 1 of the Lair of Beasts
  8584 | Lair:1   | Noticed a six-headed hydra
  8623 | D:9      | Reached skill level 1 in Invocations
  8630 | D:9      | Reached skill level 1 in Ice Magic
  8636 | D:9      | Reached **** piety under Cheibriados
  8921 | D:9      | Reached XP level 11. HP: 78/78 MP: 10/14
  9238 | D:9      | Paralysed by a hornet for 3 turns
  9582 | D:9      | Identified the +6 mace "Berag" {spect, *Noise rN+++ Stlth+}
  9748 | D:10     | Entered Level 10 of the Dungeon
  9875 | D:10     | Found a staircase to the Orcish Mines.
  9945 | D:10     | Reached ***** piety under Cheibriados
 10267 | D:10     | Reached skill level 5 in Invocations
 10662 | D:8      | Killed a six-headed hydra
 10782 | Lair:1   | Reached skill level 5 in Ice Magic
 12521 | Lair:2   | Reached XP level 12. HP: 48/87 MP: 15/17
 12887 | Lair:2   | Found a staircase to the Shoals.
 12899 | Lair:2   | Reached skill level 10 in Unarmed Combat
 13152 | Lair:3   | Reached skill level 10 in Fighting
 13155 | Lair:3   | Reached skill level 10 in Dodging
 13672 | Lair:3   | Found a hole to the Spider Nest.
 14398 | Lair:4   | Reached skill level 10 in Invocations
 15435 | Lair:5   | Reached XP level 13. HP: 92/92 MP: 17/21
 16631 | Lair:6   | Entered Level 6 of the Lair of Beasts
 16639 | Lair:6   | Identified the +0 hat "Ruhizxoi" {rPois}
 16855 | Lair:6   | Reached ****** piety under Cheibriados
 16977 | Lair:6   | Found a staircase to the Slime Pits.
 17531 | Lair:6   | Found a transporter.
 17537 | Lair:6   | Found a transporter.
 17541 | Lair:6   | Noticed Goic's ghost (journeyman DjCj)
 17664 | Lair:6   | Noticed a dire elephant
 17664 | Lair:6   | Noticed a dire elephant
 17665 | Lair:6   | Noticed a dire elephant
 17665 | Lair:6   | Noticed a dire elephant
 18527 | Lair:6   | Killed a dire elephant
 19049 | Lair:6   | Identified the ring "Xinoanie" {rElec rF+ rN+ Will- Int+2}
 19086 | Lair:6   | Killed a dire elephant
 19087 | Lair:6   | Reached XP level 14. HP: 67/99 MP: 21/23
 19308 | Lair:6   | Killed a dire elephant
 19560 | Lair:6   | Identified the +3 short sword of Ejiutekoy {vorpal, Str+3}
 19647 | Lair:6   | Killed a dire elephant
 20010 | D:11     | Noticed Urug
 20056 | Orc:1    | Entered Level 1 of the Orcish Mines
 20211 | Orc:1    | Found Xocsapo's General Store.
 20223 | Orc:1    | Bought a scroll of teleportation for 39 gold pieces
 20413 | Orc:2    | Entered Level 2 of the Orcish Mines
 20517 | Orc:2    | Found a staircase to the Elven Halls.
 20533 | Orc:2    | Reached skill level 15 in Dodging
 21000 | Orc:2    | Found Udyuceyts's Assorted Antiques.
 21000 | Orc:2    | Found Haimilu's Book Shop.
 21002 | Orc:2    | Found Usulloy's Magic Scroll Boutique.
 21004 | Orc:2    | Found Paowioso's Weapon Shoppe.
 21008 | Orc:2    | Bought a scroll of teleportation for 66 gold pieces
 21021 | Orc:2    | Bought a scroll of acquirement for 780 gold pieces
 21021 | Orc:2    | Acquired 784 gold pieces
 21023 | Orc:2    | Bought a scroll of acquirement for 780 gold pieces
 21023 | Orc:2    | Acquired 881 gold pieces
 21025 | Orc:2    | Bought a scroll of teleportation for 45 gold pieces
 21025 | Orc:2    | Bought a scroll of identify for 30 gold pieces
 21025 | Orc:2    | Bought 2 scrolls of identify for 60 gold pieces
 21027 | Orc:2    | Bought a book of Alchemy for 448 gold pieces
 21028 | Orc:2    | Bought a +4 ring of protection for 792 gold pieces
 21028 | Orc:2    | Bought a scroll labelled WOTRUG DUN for 22 gold pieces
 21028 | Orc:2    | Bought a scroll labelled TABAZUTEFU for 22 gold pieces
 21028 | Orc:2    | Bought a scroll labelled LIAMUS YHU for 22 gold pieces
 21028 | Orc:2    | Bought a scroll of poison for 77 gold pieces
 21028 | Orc:2    | Bought an inky potion for 19 gold pieces
 21192 | Orc:2    | Reached skill level 1 in Conjurations
 22472 | D:11     | Killed Urug
 22473 | D:11     | Reached skill level 1 in Air Magic
 22570 | D:11     | Noticed Maurice
 22578 | D:11     | Killed Maurice
 22632 | D:11     | Noticed Psyche
 22640 | D:11     | Killed Psyche
 22765 | D:11     | Found Bakalom's Armour Boutique.
 23041 | D:11     | Noticed Fannar
 23055 | D:11     | Killed Fannar
 23356 | D:12     | Identified the +2 pair of boots "Ceugu" {rPois rC- Dex+3
                  | Stlth+}
 23471 | D:12     | Found a glowing silver altar of Zin.
 24174 | D:13     | Found a frozen archway.
 24210 | IceCv    | Entered an ice cave
 24327 | IceCv    | Reached skill level 5 in Air Magic
 24502 | IceCv    | Reached XP level 15. HP: 103/103 MP: 19/24
 24602 | IceCv    | Noticed a frost giant
 24610 | IceCv    | Killed a frost giant
 25424 | D:13     | Noticed Rupert
 25823 | D:13     | Found a gate to the Vaults.
 26256 | D:14     | Found a broken altar of Ashenzari.
 26313 | D:14     | Found a runed translucent gate.
 26313 | D:14     | Found a runed translucent gate.
 26314 | D:14     | Found a runed translucent gate.
 26316 | D:14     | Noticed Karianen's ghost (adept KoBr)
 26458 | D:14     | Identified the +8 flail of Beogh's Benevolence {pain, rC+}
 26835 | D:14     | Reached skill level 10 in Transmutations
 27056 | D:14     | Noticed Louise
 27256 | Shoals:1 | Entered Level 1 of the Shoals
 27408 | Shoals:1 | HP: 6/123 [poisoned by a sea snake]
 27413 | Shoals:1 | HP: 5/123 [poisoned by a sea snake]
 28364 | Shoals:1 | Noticed Roxanne
 28396 | Shoals:1 | Killed Roxanne
 28415 | Shoals:1 | Learned a level 6 spell: Statue Form
 28960 | Shoals:1 | Reached skill level 1 in Earth Magic
 29463 | Elf:1    | Entered Level 1 of the Elven Halls
 29649 | Elf:1    | Found Xigai's General Store.
 29854 | Elf:1    | Noticed Zenata
 29929 | Elf:1    | Bought a potion of heal wounds for 75 gold pieces
 29929 | Elf:1    | Bought a potion of heal wounds for 75 gold pieces
 29929 | Elf:1    | Bought a potion of heal wounds for 75 gold pieces
 29929 | Elf:1    | Bought a potion of curing for 45 gold pieces
 29972 | Elf:1    | Reached XP level 16. HP: 109/109 MP: 21/25
 30008 | Elf:1    | Found Eruikh's General Store.
 30016 | Elf:1    | Bought a scroll of teleportation for 39 gold pieces
 30021 | Elf:1    | Found a shimmering blue altar of Sif Muna.
 30166 | Elf:1    | Noticed Aizul
 30184 | Elf:1    | Killed Aizul
 30185 | Elf:1    | Reached skill level 5 in Earth Magic
 30591 | Elf:1    | Got the Teachings on Striking
 31027 | Elf:2    | Found Hec Nies's Weapon Shoppe.
 31028 | Elf:2    | Found Ohatic's Antique Weapon Shoppe.
 31028 | Elf:2    | Found Hatsosyk's Distillery.
 31032 | Elf:2    | Found Vyimoi's Distillery.
 31055 | Elf:2    | Bought a potion of heal wounds for 95 gold pieces
 31055 | Elf:2    | Bought a potion of heal wounds for 95 gold pieces
 31063 | Elf:2    | Bought a potion of heal wounds for 85 gold pieces
 31063 | Elf:2    | Bought a potion of heal wounds for 85 gold pieces
 31063 | Elf:2    | Bought a potion of heal wounds for 85 gold pieces
 31631 | Elf:2    | Reached skill level 10 in Earth Magic
 31898 | Elf:2    | Identified the +2 plate armour of Xuoxisyo {rPois rC+ rN+
                  | Will-}
 32941 | Shoals:3 | Reached XP level 17. HP: 85/115 MP: 20/26
 33206 | Shoals:4 | Entered Level 4 of the Shoals
 33613 | Shoals:4 | Noticed a kraken
 33749 | Shoals:4 | Identified the +11 glaive of the Moth {flame, *Corrode
                  | rElec rF+ Int+5}
 34090 | Shoals:4 | Identified the +8 hand axe of Gozag's Vengeance {vorpal,
                  | rPois rC+ MP-9 Dex+3}
 34132 | Shoals:4 | Noticed a kraken
 34143 | Shoals:4 | Killed a kraken
 34166 | Shoals:4 | Got a barnacled rune of Zot
 34208 | Shoals:3 | Noticed Polyphemus
 34226 | Shoals:3 | Killed Polyphemus
 34631 | Spider:1 | Entered Level 1 of the Spider Nest
 34668 | Spider:1 | Learned a level 5 spell: Manifold Assault
 34739 | Spider:1 | Reached skill level 1 in Translocations
 34893 | Spider:2 | Reached skill level 15 in Earth Magic
 35216 | Spider:3 | Found a runed translucent door.
 35252 | Spider:3 | Reached skill level 5 in Translocations
 35468 | Spider:4 | Entered Level 4 of the Spider Nest
 35544 | Spider:4 | Reached XP level 18. HP: 120/120 MP: 24/27
 35678 | Spider:4 | Noticed Agnes
 35683 | Spider:4 | Killed Agnes
 36021 | Spider:4 | Reached skill level 10 in Translocations
 36050 | Spider:4 | HP: 5/156 [disintegration (64)]
 36770 | Spider:4 | Got a gossamer rune of Zot
 37026 | Slime:1  | Entered Level 1 of the Pits of Slime
 38044 | Slime:4  | Reached skill level 5 in Spellcasting
 38142 | Slime:5  | Entered Level 5 of the Pits of Slime
 38173 | Slime:5  | Noticed Dissolution
 38178 | Slime:5  | Noticed Donald
 38183 | Slime:5  | Killed Donald
 38733 | Slime:5  | Reached XP level 19. HP: 126/126 MP: 3/29
 38949 | Slime:5  | Found a viscous altar of Jiyva.
 38967 | Slime:5  | Noticed the Royal Jelly
 39057 | Slime:5  | HP: 7/163 [titanic slime creature (87)]
 39063 | Slime:5  | Gained mutation: Your body sometimes deteriorates upon
                  | taking damage. [a shining eye]
 39073 | Slime:4  | Killed Dissolution
 40952 | D:14     | Killed Louise
 41667 | D:15     | Entered Level 15 of the Dungeon
 42128 | D:15     | Found a staircase to the Depths.
 42659 | D:15     | Found an opulent altar of Gozag.
 42935 | Depths:1 | Entered Level 1 of the Depths
 42942 | Depths:1 | Reached skill level 10 in Spellcasting
 42943 | Depths:1 | Reached skill level 10 in Air Magic
 42960 | Depths:1 | Learned a level 7 spell: Storm Form
 43438 | Depths:1 | Found Idenwe Zub's Jewellery Shop.
 43438 | Depths:1 | Found Axiedda's Book Shoppe.
 43439 | Depths:1 | Found Sef Muzo's Jewellery Shop.
 43514 | Depths:1 | Found a shimmering altar of Xom.
 43563 | Depths:1 | Found a shimmering altar of Xom.
 44362 | Depths:1 | Found a one-way gateway to a ziggurat.
 44650 | Depths:1 | Found a gateway to Hell.
 44650 | Depths:1 | Noticed a hellephant
 44650 | Depths:1 | Noticed a hellephant
 45189 | Depths:1 | Killed a hellephant
 45467 | Depths:1 | Killed a hellephant
 45468 | Depths:1 | Reached XP level 20. HP: 132/132 MP: 1/34
 45720 | Depths:1 | Noticed a golden dragon
 45725 | Depths:1 | Killed a golden dragon
 45731 | Depths:1 | Noticed Bai Suzhen
 48231 | Slime:5  | Mangled by an azure jelly

Illustrated notes

Levels and vault maps discovered:
D:1:      dpeg_arrival_long_road, layout_rooms, minmay_hexomino_c4
D:2:      layout_rooms
D:3:      layout_basic
D:4:      layout_rooms, minmay_temple_entry_antechambers
D:5:      gammafunk_wand_slinger, layout_loops_ring
D:6:      layout_cave_pools, mainiacjoe_overflow_catwalk,
          kennysheep_small_square
D:7:      layout_gridville, minmay_misc_feat_room, uniq_menkaure, uniq_duvessa,
          uniq_maggie
D:8:      cheibrodos_histonic, layout_basic, grunt_dithmenos_shadows,
          david_lair_generic
D:9:      layout_cave_pools, minmay_misc_feat_doors,
          hangedman_abyss_or_decor_stagger, grunt_ministairs_3, nicolae_wwwww
D:10:     layout_basic, david_orc_2, nicolae_underground_beach
D:11:     layout_basic, serial_shops,
          nicolae_shop_temple_entry_statues_fountains, uniq_fannar, uniq_urug,
          uniq_maurice, uniq_psyche
D:12:     layout_basic, zin_treasury
D:13:     layout_small_grid, david_vaults_2, portal_ice_cave_entry_pillars_1,
          nicolae_sextant, uniq_rupert
D:14:     layout_layer_cave, ashenzari_altar_1, gammafunk_ghost_spectres,
          serial_demonic, serial_demonic_f, serial_demonic_c, serial_demonic_a,
          serial_demonic_e, uniq_louise
D:15:     grunt_enter_depths_hoard, layout_loops_ring,
          nicolae_gozag_cash_rules_everything_around_me, hangedman_aviary
Temple:   nicolae_temple_slightly_damp_pantheon
Lair:1:   layout_roguey, beast_lair_carwin_1, infiniplex_staircase_pool_2,
          grunt_megastairs_4
Lair:2:   layout_cave_pods, minmay_shoals_entry_hut, minivault_23
Lair:3:   layout_regular_city, spider_nest_entry_a, kennysheep_basilisk_garden,
          lemuel_fruit_fields
Lair:4:   layout_big_grid, serial_bayou_shore_b
Lair:5:   layout_cave_pods, minmay_hedge_maze, grunt_megastairs_5
Lair:6:   due_jungle_book, layout_regular_city, slime_entry_1,
          gammafunk_ghost_berserking_beasts, serial_bayou_shore_b
Shoals:1: layout_shoals, uniq_roxanne
Shoals:2: layout_shoals
Shoals:3: layout_shoals, nicolae_shop_unique_rings, uniq_polyphemus
Shoals:4: shoals_end_hangedman, layout_shoals, shoals_ilsuiw_alternative,
          overgrown_hall
Spider:1: layout_spider_delve, gammafunk_ghost_split
Spider:2: layout_chambers, uniq_azrael
Spider:3: cheibrodos_spider_deadly_dance
Spider:4: spider_rune_water, nicolae_spider_scorpion_nest, uniq_agnes
Slime:1:  layout_caves
Slime:2:  layout_caves
Slime:3:  layout_caves
Slime:4:  layout_caves
Slime:5:  uniq_dissolution, uniq_donald
Orc:1:    layout_caves, serial_shops, shop
Orc:2:    st_orc_rangers, layout_caves, mines_bat_river
Elf:1:    minmay_elf_arrival_circle, layout_geoelf_grid, serial_shops, shop,
          nicolae_shop_statue_plus, basic_altar, minmay_elf_sorcery, uniq_aizul,
          uniq_zenata
Elf:2:    nicolae_elf_blades_splatter_lattice [nicolae_blade_entry_pointy_end],
          layout_gridlike, minmay_shoptagon
Depths:1: minmay_fractal_lines_corner, layout_gridlike, enter_ziggurat_e,
          xom_redecorated, grunt_hell_horde, nicolae_figureground_sparkle,
          minmay_shop_grove, grunt_megastairs_3, uniq_bai_suzhen

Skill      XL: |  1  2  3  4  5  6  7  8  9 10 11 12 13 14 15 16 17 18 19 |
---------------+----------------------------------------------------------+-----
Stealth        | 1 2 |  2.0
Poison Magic   | 1 |  1.0
Fighting       | 2 3 4 6 7 8 9 10 | 10.0
Dodging        | 3 4 5 6 7 8 9 11 14 15 | 15.5
Unarmed Combat | 4 5 6 8 9 10 | 10.0
Transmutations | 3 5 8 11 | 11.0
Invocations    | 3 7 11 13 | 13.0
Ice Magic      | 3 5 |  5.0
Conjurations   | 2 |  2.1
Air Magic      | 5 9 13 | 13.8
Earth Magic    | 4 12 15 | 15.0
Translocations | 7 12 | 12.0
Spellcasting   | 7 10 | 10.0

Action                   |  1- 3 |  4- 6 |  7- 9 | 10-12 | 13-15 | 16-18 | 19-21 || total
-------------------------+-------+-------+-------+-------+-------+-------+-------++-------
Melee: Unarmed           |    78 |    81 |   251 |   369 |   938 |  1047 |   511 ||  3275
       Constrict         |    24 |    14 |    16 |     6 |     1 |   177 |    13 ||   251
       Tentacles         |    14 |    14 |    18 |     9 |     3 |   288 |    35 ||   381
       Kick              |    26 |    20 |    21 |       |       |       |       ||    67
       Punch             |     2 |     1 |     3 |     3 |     3 |    97 |    25 ||   134
 Cast: Beastly Appendage |    20 |    20 |    19 |     1 |       |       |       ||    60
       Spider Form       |       |     6 |    20 |       |       |       |       ||    26
       Wereblood         |       |       |     3 |     5 |    13 |     2 |     4 ||    27
       Ice Form          |       |       |     2 |    58 |   129 |     2 |       ||   191
       Statue Form       |       |       |       |       |       |    94 |    28 ||   122
       Manifold Assault  |       |       |       |       |       |    51 |   134 ||   185
       Storm Form        |       |       |       |       |       |       |    30 ||    30
Invok: Slouch            |       |       |       |     2 |    17 |    11 |       ||    30
       Step From Time    |       |       |       |       |     1 |     1 |     4 ||     6
Evoke: Wand              |       |       |     5 |     8 |       |       |       ||    13
       Box of beasts     |       |       |       |       |     1 |       |     1 ||     2
  Use: Scroll            |     1 |     7 |     2 |     3 |    22 |     8 |    17 ||    60
       Potion            |       |     1 |     2 |     6 |     2 |    15 |     8 ||    34
 Stab: Sleeping          |     6 |     1 |     7 |     8 |     9 |     5 |     2 ||    38
       Invisible         |       |       |       |       |     1 |       |       ||     1
       Petrifying        |       |       |       |       |       |     2 |       ||     2
       Petrified         |       |       |       |       |       |     2 |       ||     2
Armor: Skin              |     8 |     9 |    42 |   152 |   204 |   525 |   103 ||  1043
Dodge: Dodged            |    41 |    53 |   222 |   366 |  1208 |  2748 |   632 ||  5270
Block: Other             |       |       |       |       |       |   431 |    75 ||   506
       Reflection        |       |       |       |       |       |     6 |       ||     6

Table legend: (Time is in decaauts)
 A = Elapsed time spent in this place.
 B = Non-inter-level travel time spent in this place.
 C = Inter-level travel time spent in this place.
 D = Time resting spent in this place.
 E = Time spent auto-exploring this place.
 F = Levels seen in this place.
 G = Mean time per level.
                   A        B        C        D        E       F      G
               +--------+--------+--------+--------+--------+-----+--------+
         Total |  66897 |  61520 |   5377 |   7363 |  45091 |  42 | 1592.8 |
       Dungeon |  24514 |  21677 |   2837 |    339 |  18559 |  15 | 1634.3 |
        Temple |    181 |    158 |     23 |      0 |    131 |   1 |  181.0 |
          Lair |  14449 |  13120 |   1329 |    671 |  11327 |   6 | 2408.2 |
        Shoals |   6150 |   5882 |    268 |    723 |   3599 |   4 | 1537.5 |
   Spider Nest |   3866 |   3576 |    290 |    132 |   2410 |   4 |  966.5 |
    Slime Pits |   6069 |   5994 |     75 |   4718 |    498 |   5 | 1213.8 |
  Orcish Mines |   2969 |   2656 |    313 |      0 |   2247 |   2 | 1484.5 |
   Elven Halls |   3754 |   3602 |    152 |    307 |   2690 |   2 | 1877.0 |
        Depths |   3700 |   3613 |     87 |    454 |   2770 |   1 | 3700.0 |
         Abyss |     71 |     71 |      0 |     17 |      0 |   1 |   71.0 |
      Ice Cave |   1170 |   1170 |      0 |      0 |    857 |   1 | 1170.0 |
               +--------+--------+--------+--------+--------+-----+--------+

Top non-repeatable levels by time:
  Lair:6: 4901 daAuts
 Slime:4: 4307 daAuts
Depths:1: 3700 daAuts
    D:14: 3142 daAuts
Shoals:1: 2659 daAuts
    D:15: 2518 daAuts
  Lair:2: 2295 daAuts
Spider:4: 2260 daAuts
  Lair:5: 2179 daAuts
   Elf:1: 2122 daAuts
    D:13: 1887 daAuts
  Lair:3: 1868 daAuts
   Orc:2: 1853 daAuts
     D:8: 1844 daAuts
     D:9: 1788 daAuts
